Map: Dämmertürme

Players

fragleader

  • Race: Protoss Protoss

DeathShot - Winner!

  • Race: Zerg Zerg
  • League: Silver

VOD

Have the link to the VOD?

Description

Time

  • Played on: Dec. 10, 2015, 4:50 p.m.
  • Length: 9:53
Show
View Real Time Build Order
Export as new Build Order

fragleader Protoss 

Build Orders:  

Get SALT Encoding   

  12  0:00  Probe (Chrono Boost)  
  13  0:11  Probe (Chrono Boost)  
  14  0:20  Pylon  
  14  0:23  Probe (Chrono Boost)  
  15  0:36  Assimilator  
  15  0:39  Probe (Chrono Boost)  
  16  0:49  Gateway  
  16  0:53  Probe (Chrono Boost)  
  18  1:04  Probe (Chrono Boost)  
  18  1:14  Probe (Chrono Boost)  
  18  1:16  Pylon  
  19  1:25  Probe (Chrono Boost)  
  20  1:35  Probe (Chrono Boost)  
  21  1:46  Cybernetics Core  
  21  1:49  Gateway  
  21  1:50  Probe (Chrono Boost)  
  22  1:54  Assimilator  
  22  2:04  Probe (Chrono Boost)  
  23  2:10  Zealot  
  23  2:12  Pylon  
  23  2:15  Probe (Chrono Boost)  
  26  2:26  Probe (Chrono Boost)  
  26  2:28  Warp Gate (Chrono Boost)  
  27  2:36  Zealot  
  29  2:37  Adept  
  29  2:38  Probe  
  32  2:56  Nexus  
  32  3:02  Mothership Core  
  34  3:11  Sentry  
  36  3:13  Stalker  
  38  3:23  Probe, Pylon  
  39  3:41  Probe  
  40  3:42  Pylon  
  40  3:49  Adept  
  40  3:50  Adept  
  40  3:53  Probe  
  45  4:06  Probe  
  45  4:07  Probe  
  47  4:18  Probe, Forge  
  47  4:19  Probe  
  47  4:23  Robotics Facility  
  49  4:30  Stalker  
  49  4:31  Zealot  
  53  4:38  Probe  
  53  4:39  Probe  
  53  4:44  Assimilator  
  55  4:46  Assimilator  
  55  4:49  Probe  
  55  4:51  Protoss Ground Weapons Level 1 (Chrono Boost)  
  55  4:52  Probe  
  57  4:57  Pylon  
  57  5:44  Stalker x2  
  57  5:46  Immortal  
  57  6:09  Stalker, Zealot, Pylon  
  60  6:12  Probe  
  60  6:13  Probe  
  60  6:14  Pylon  
  62  6:28  Probe  
  62  6:29  Twilight Council, Probe  
  62  6:30  Nexus, Robotics Bay  
  64  6:33  Pylon  
  64  6:34  Immortal  
  64  6:35  Pylon x2  
  64  6:38  Assimilator  
  68  6:41  Sentry x2  
  68  6:43  Assimilator  
  61  7:14  Immortal (Chrono Boost), Probe  
  66  7:17  Stalker x2  
  70  7:44  Sentry  
  70  7:45  Stalker  
  74  7:53  Gateway  
  46  8:29  Stalker x2  
  46  8:31  Immortal (Chrono Boost)  
  48  8:58  Stalker x2  
  46  9:27  Pylon  
  46  9:31  Pylon  
Show
View Real Time Build Order
Export as new Build Order

DeathShot Zerg - Winner!

Build Orders: Hatch First 

Get SALT Encoding   

  12  0:02  Drone  
  13  0:13  Overlord  
  13  0:18  Drone  
  14  0:32  Drone x2  
  16  0:40  Drone  
  17  0:47  Drone  
  18  1:00  Drone  
  18  1:02  Hatchery  
  18  1:09  Drone  
  19  1:19  Spawning Pool  
  19  1:21  Overlord  
  18  1:31  Drone  
  19  1:38  Extractor  
  18  1:40  Drone  
  19  1:51  Drone  
  20  2:06  Queen  
  22  2:10  Drone  
  22  2:13  Queen  
  25  2:15  Drone  
  25  2:16  Drone  
  27  2:23  Drone  
  27  2:26  Drone  
  29  2:33  Drone  
  30  2:38  Drone  
  30  2:40  Extractor  
  30  2:46  Zergling x2  
  30  2:50  Metabolic Boost  
  31  2:54  Drone  
  31  2:57  Drone  
  31  2:58  Drone  
  34  3:05  Overlord  
  34  3:08  Drone  
  35  3:24  Drone x3  
  35  3:25  Drone x2  
  40  3:27  Overlord  
  40  3:41  Roach Warren  
  38  3:47  Drone x4  
  38  3:48  Drone  
  43  3:50  Drone  
  43  3:51  Drone  
  45  3:58  Lair  
  45  4:17  Hatchery  
  45  4:18  Overlord x2  
  44  4:27  Roach x4  
  52  4:35  Overlord  
  52  4:39  Roach x2  
  52  4:40  Roach x4  
  64  4:48  Queen  
  66  4:56  Roach x3  
  66  4:57  Glial Reconstitution  
  66  4:59  Roach x2  
  76  5:02  Overlord  
  76  5:03  Overlord  
  76  5:20  Overlord x2  
  76  5:21  Overlord  
  76  5:23  Roach x3  
  76  5:25  Ravager  
  76  5:27  Ravager  
  82  5:51  Ravager  
  81  6:00  Roach  
  81  6:01  Roach x3  
  89  6:09  Roach x2  
  93  6:20  Overlord x2  
  93  6:29  Hatchery x2  
  91  6:40  Roach  
  91  6:41  Roach x3  
  91  7:06  Roach x5  
  91  7:07  Roach  
  103  7:08  Ravager  
  104  7:16  Drone x2  
  104  7:17  Extractor x2  
  104  7:25  Roach x2  
  108  7:35  Overseer  
  108  7:39  Drone  
  108  7:40  Drone  
  110  7:45  Overlord x3  
  110  7:55  Drone x3  
  110  7:56  Drone x6  
  119  8:01  Queen  
  108  8:17  Roach x8  
  106  8:32  Ravager  
  103  8:36  Ravager  
  104  8:47  Roach x5  
  104  8:48  Roach x9  
  122  9:07  Roach x3  
  122  9:08  Roach x2  
  128  9:22  Roach  
  128  9:23  Roach x6  
  133  9:31  Roach  
  133  9:32  Roach x3  
  133  9:37  Ravager  
Tags
 
Add a new tag
Caveats
  • Supply blocks, unpowered buildings, or Contaminate may cause inaccurate times.
  • Supply counts are checked every 10 seconds.